 Dungeon Crawl Stone Soup version 0.27-a0-277-g024f7ef292 (webtiles) character file.

Game seed: 8240415188143744707

228 hatsuma the Insei (level 6, -2/43 HPs)
             Began as a Merfolk Transmuter on Feb 5, 2021.
             Was a Follower of the Shining One.
             Slain by Duvessa
             ... wielding a +0 short sword
              (6 damage)
             ... on level 4 of the Dungeon.
             The game lasted 00:15:31 (4391 turns).

hatsuma the Insei (Merfolk Transmuter)              Turns: 4391, Time: 00:15:31

Health: -2/43      AC:  5    Str: 11    XL:     6   Next: 2%
Magic:  0/9        EV: 13    Int: 14    God:    the Shining One [*.....]
Gold:   212        SH:  0    Dex: 14    Spells: 6/9 levels left

rFire    . . .     SeeInvis .     - Unarmed
rCold    . . .     Faith    .   (no shield)
rNeg     + . .     Spirit   +   s - +0 robe (curse)
rPois    +         Reflect  .   o - +0 helmet
rElec    .         Harm     .   (no cloak)
rCorr    .         Rampage  .   q - +1 pair of gloves
Will     .....                  (no boots)
Stlth    +.........             b - amulet of guardian spirit
HPRegen  0.14/turn              e - ring of positive energy
MPRegen  0.11/turn              l - ring of poison resistance

@: about to teleport, glowing
A: change form in water, swift swim, stealthy swim
a: Renounce Religion


You were on level 4 of the Dungeon.
You worshipped the Shining One.
The Shining One was aware of your devotion.
You visited 1 branch of the dungeon, and saw 4 of its levels.

You collected 212 gold pieces.

Inventory:

Hand Weapons
 t - the +0 long sword of Context {freeze, rF+ Int+2 Dex+3, unknown}
   (You found it on level 4 of the Dungeon)

   It has been specially enchanted to freeze those struck by it, causing extra
   injury to most foes and up to half again as much damage against particularly
   susceptible opponents.
   It can also slow down cold-blooded creatures.
   It affects your intelligence (+2).
   It affects your dexterity (+3).
   It protects you from fire.
Missiles
 g - 7 boomerangs (quivered)
 p - 24 poisoned darts
Armour
 a - a +2 robe of willpower
 o - a +0 helmet (worn)
 q - a +1 pair of gloves (worn)
 s - a cursed +0 robe (worn)
Jewellery
 b - an amulet of guardian spirit (around neck)
 e - a ring of positive energy (left hand)
 l - a ring of poison resistance (right hand)
Scrolls
 d - a scroll of amnesia
 f - a scroll of identify
 h - a scroll of remove curse
 k - 3 scrolls of immolation
Potions
 i - a potion of mutation {unknown}
 j - 3 potions of curing
 m - a potion of lignification {unknown}
 n - a potion of degeneration {unknown}
 r - a potion of attraction {unknown}


   Skills:
 - Level 1.1 Fighting
 - Level 2.6 Dodging
 + Level 7.1 Unarmed Combat
 - Level 2.0 Spellcasting
 - Level 2.6 Transmutations


You had 6 spell levels left.
You knew the following spells:

 Your Spells              Type           Power        Failure   Level
a - Beastly Appendage     Tmut           16%          8%          1
b - Wereblood             Tmut           8%           12%         2

Your spell library contained the following spells:

 Spells                   Type           Power        Failure   Level
 Foxfire                  Conj/Fire      4%           24%         1
 Spider Form              Tmut/Pois      2%           38%         3
 Conjure Flame            Conj/Fire      1%           56%         3
 Inner Flame              Hex/Fire       1%           56%         3
 Ice Form                 Ice/Tmut       5%           80%         4
 Blade Hands              Tmut           4%           91%         5
 Sticky Flame             Conj/Fire      1%           93%         4
 Fireball                 Conj/Fire      0%           100%        5


Dungeon Overview and Level Annotations

Branches:
Dungeon (4/15)
 Temple: D:4-7

Altars:
Cheibriados
Wu Jian
The Shining One

Annotations:
D:4 Duvessa


Message History

t - a warped long sword Duvessa rages.
Duvessa rages.
You see here an adder corpse.
Your horns disappear.
Your +0 helmet unmelds from your body.
Duvessa hits you with a +0 short sword!
Duvessa rages.
An ogre opens the door.
Duvessa hits you with a +0 short sword!
* * * LOW HITPOINT WARNING * * *
The ogre shouts!
There is an open door, spattered with blood here.
Duvessa hits you with a +0 short sword.
* * * LOW HITPOINT WARNING * * *
There is a stone staircase leading down here.
As you read the scroll of teleportation, it crumbles to dust.
You feel strangely unstable. Duvessa misses you.
Unknown command.
Duvessa hits you with a +0 short sword!
You die...

##.....†...## #......#.)..#
#......#....# #......#....#
....e...#....# ##..[..##...##
.?..... ####.# P..=...
#.>..############### .......
#...##.e@..##......##
+....'.>............#
######..O...........#
...##..............+
...##.....##.......#
####+###...#####'###.......#
#...........#..........[.....
#...........'.....##.......##
#<..........#.....###+######


You could see Duvessa (berserk) and an ogre.

Vanquished Creatures
  Dowan (D:4)
  A worker ant (D:3)
  7 adders
  A shadow imp (D:3)
  3 worms (D:2)
  2 dart slugs (D:1)
  4 leopard geckos
  3 orcs
  2 ball pythons (D:2)
  4 goblins
  8 hobgoblins
  4 jackals (D:2)
  9 kobolds
  2 quokkas
  8 bats
  5 frilled lizards
  6 rats
70 creatures vanquished.

Notes
Turn   | Place    | Note
-------+----------+-------------------------------------------
     0 | D:1      | hatsuma the Merfolk Transmuter began the quest for the Orb.
     0 | D:1      | Reached XP level 1. HP: 15/15 MP: 3/3
   198 | D:1      | Reached XP level 2. HP: 19/21 MP: 3/5
   208 | D:1      | Learned a level 2 spell: Wereblood
   304 | D:1      | Reached skill level 4 in Unarmed Combat
   984 | D:2      | Reached XP level 3. HP: 14/26 MP: 1/6
  1369 | D:2      | Reached skill level 5 in Unarmed Combat
  1870 | D:2      | Reached XP level 4. HP: 23/32 MP: 5/7
  2188 | D:2      | Found a faded altar of an unknown god.
  2191 | D:2      | Became a worshipper of the Shining One
  2191 | D:2      | Reached * piety under the Shining One
  2703 | D:3      | Found a snail-covered altar of Cheibriados.
  2920 | D:3      | Found an ornate altar of the Wu Jian Council.
  3356 | D:3      | Reached skill level 6 in Unarmed Combat
  3356 | D:3      | Reached XP level 5. HP: 13/37 MP: 3/8
  4089 | D:4      | Noticed an ogre
  4329 | D:4      | Noticed Dowan
  4370 | D:4      | Killed Dowan
  4371 | D:4      | Reached skill level 7 in Unarmed Combat
  4371 | D:4      | Reached XP level 6. HP: 24/43 MP: 5/9
  4375 | D:4      | Noticed Duvessa
  4376 | D:4      | Got a warped long sword
  4391 | D:4      | Slain by Duvessa

Illustrated notes

Levels and vault maps discovered:
D:1:      nzn_arrival_depleted_hourglass, layout_basic, chequers_garden
D:2:      layout_basic, chequers_ecumenical_altar_island, minmay_vboxes
D:3:      layout_basic, old_standard_altar, pdpol_wu_jian_five_deadly_venoms
D:4:      layout_gridville, yredelemnul_altar_generic, uniq_duvessa

Skill      XL: |  1  2  3  4  5 |
---------------+----------------+-----
Unarmed Combat | 4 5 6 7 |  7.1
Fighting       | |  1.1
Dodging        | |  2.6
Spellcasting   | |  2.0
Transmutations | |  2.6

Action                   |  1- 3 |  4- 6 || total
-------------------------+-------+-------++-------
Melee: Unarmed           |   131 |   124 ||   255
       Headbutt          |    15 |    12 ||    27
       Punch             |     4 |       ||     4
 Cast: Beastly Appendage |    14 |    11 ||    25
       Wereblood         |     1 |     1 ||     2
  Use: Scroll            |     1 |     4 ||     5
       Potion            |     1 |       ||     1
 Stab: Sleeping          |     1 |       ||     1
Armor: Robe              |    26 |    28 ||    54
Dodge: Dodged            |    83 |    83 ||   166

Table legend: (Time is in decaauts)
 A = Elapsed time spent in this place.
 B = Non-inter-level travel time spent in this place.
 C = Inter-level travel time spent in this place.
 D = Time resting spent in this place.
 E = Time spent auto-exploring this place.
 F = Levels seen in this place.
 G = Mean time per level.
                   A        B        C        D        E       F      G
               +--------+--------+--------+--------+--------+-----+--------+
         Total |   4361 |   4283 |     78 |    988 |   1943 |   4 | 1090.2 |
       Dungeon |   4361 |   4283 |     78 |    988 |   1943 |   4 | 1090.2 |
               +--------+--------+--------+--------+--------+-----+--------+

Top non-repeatable levels by time:
     D:2: 1826 daAuts
     D:3: 1485 daAuts
     D:1: 832 daAuts
     D:4: 217 daAuts
